 Dungeon Crawl Stone Soup version 0.25-a0-737-g26c3a87c45 (webtiles) character file.

Game seed: 4764000998707362600, levelgen mode: deterministic

102 BowlsofSteal the Chopper (level 4, -4/38 HPs)
             Began as a Hill Orc Wanderer on Apr 12, 2020.
             Was an Initiate of Ashenzari.
             Slain by an orc warrior
             ... wielding a +0 scimitar
              (13 damage)
             ... on level 2 of the Dungeon.
             The game lasted 00:10:41 (1704 turns).

BowlsofSteal the Chopper (Hill Orc Wanderer)        Turns: 1704, Time: 00:10:41

Health: -4/38      AC:  7    Str: 15    XL:     4   Next: 77%
Magic:  5/5        EV:  9    Int: 12    God:    Ashenzari [......]
Gold:   95         SH:  0    Dex: 10    Spells: 5/5 levels left

rFire    . . .     SeeInvis .   s - +0 mace (curse)
rCold    + . .     Gourm    .   (no shield)
rNeg     . . .     Faith    .   q - +0 scale mail
rPois    .         Spirit   .   (no helmet)
rElec    .         Reflect  .   (no cloak)
rCorr    .         Harm     .   i - +0 pair of gloves
MR       .....                  (no boots)
Stlth    ..........             (no amulet)
HPRegen  0.12/turn              e - ring of protection from cold
MPRegen  0.09/turn              (no ring)

@: no status effects
A: no striking features
a: Curse Item, Renounce Religion


You were on level 2 of the Dungeon.
You worshipped Ashenzari.
Ashenzari was noncommittal.
You were not hungry.

You visited 1 branch of the dungeon, and saw 2 of its levels.

You collected 95 gold pieces.

Inventory:

Hand Weapons
 a - a +0 hand axe
 d - a +0 dagger
 p - a +2 dagger of freezing
 s - a cursed +0 mace (weapon)
Missiles
 b - 17 bolts
Armour
 c - a +2 scale mail
 i - a +0 pair of gloves (worn)
 j - a +0 robe
 q - a +0 scale mail (worn)
Jewellery
 e - a ring of protection from cold (left hand)
Scrolls
 h - a scroll of amnesia {unknown}
 k - a scroll of fog {unknown}
 l - 3 scrolls of identify {unknown}
 m - 2 scrolls of teleportation
 o - 2 scrolls of magic mapping {unknown}
 r - 4 scrolls of blinking {unknown}
 t - a scroll of remove curse
Potions
 g - a potion of mutation {unknown}
 n - a potion of lignification {unknown}
 u - a potion of cancellation {unknown}
Comestibles
 f - 3 rations


   Skills:
 + Level 3.3 Fighting
 + Level 4.4 Axes
 + Level 0.2(2.2) Maces & Flails
 + Level 2.0 Armour
 + Level 1.0 Dodging
 + Level 1.9 Stealth
 + Level 1.0 Spellcasting
   Level 1.0 Necromancy
   Level 1.0 Ice Magic


You had 5 spell levels left.
You didn't know any spells.
Your spell library contained the following spells:

 Spells                   Type           Power        Failure   Level  Hunger
 Sublimation of Blood     Necr           #.........   75%         2    ###....
 Corpse Rot               Necr/Air       N/A          82%         2    ###....


Dungeon Overview and Level Annotations

Branches:
Dungeon (2/15)

Altars:
Ashenzari
Elyvilon
Fedhas
Ru


Message History

You sock the orc wizard!
The orc wizard is heavily wounded.
You hit the orc warrior but do no damage.
You barely miss the orc warrior.
The orc warrior hits you with a +0 scimitar.
The orc wizard mumbles some strange words.
The orc wizard flickers and vanishes!
Deactivating autopickup; reactivate with Ctrl-A.
You hit the orc warrior but do no damage.
The orc warrior barely misses you.
The orc warrior hits you with a +0 scimitar.
You hit the orc warrior but do no damage.
The orc warrior hits you with a +0 scimitar.
You barely miss the orc warrior.
The orc warrior hits you with a +0 scimitar.
* * * LOW HITPOINT WARNING * * *
You hit the orc warrior.
The orc warrior is lightly wounded.
The orc warrior hits you with a +0 scimitar!
You die...

)##########.###.# .o#.. .#
.............##.######....
.
.##########..##.......o%#.#
#
###......................#
#
.....#.##....#......o....#
# ..................#.# #
.....####.........#.# #
......#...#'#.#####.# #.
...##.#.#.#.#..[@o{.# ##
......#...#)#########
......##....#######
.......+..........#
###...##..........#
......##..........#
#####.##..........#
#.##..........#
#.##....####.##


You could see an orc warrior.

Vanquished Creatures
  An orc wizard (D:2)
  An adder (D:2)
  2 worms (D:2)
  A dart slug (D:1)
  A leopard gecko (D:1)
  A ball python (D:2)
  3 bats
  3 giant cockroaches
  5 goblins
  8 hobgoblins
  8 jackals
  7 kobolds (D:1)
  A quokka (D:2)
  A frilled lizard (D:2)
  9 rats
52 creatures vanquished.

Notes
Turn   | Place    | Note
-------+----------+-------------------------------------------
     0 | D:1      | BowlsofSteal the Hill Orc Wanderer began the quest for the
                  | Orb.
     0 | D:1      | BowlsofSteal set off with the following items: a +0 hand
                  | axe, a +2 scale mail, a +0 dagger, a ration; and the
                  | following spells available to memorise: Sublimation of
                  | Blood, Corpse Rot
     0 | D:1      | Reached XP level 1. HP: 18/18 MP: 2/2
    94 | D:1      | Reached skill level 3 in Axes
    99 | D:1      | Reached XP level 2. HP: 21/25 MP: 3/3
   321 | D:1      | Reached XP level 3. HP: 22/30 MP: 4/4
  1106 | D:2      | Reached skill level 1 in Dodging
  1180 | D:2      | Found a sacrificial altar of Ru.
  1181 | D:2      | Found a blossoming altar of Fedhas.
  1181 | D:2      | Found a shattered altar of Ashenzari.
  1181 | D:2      | Found a white marble altar of Elyvilon.
  1199 | D:2      | Reached skill level 4 in Axes
  1199 | D:2      | Reached XP level 4. HP: 27/38 MP: 5/5
  1450 | D:2      | Became a worshipper of Ashenzari the Shackled
  1687 | D:2      | Noticed an orc warrior
  1704 | D:2      | Slain by an orc warrior

Levels and vault maps discovered:
D:1:      lordsloth_arrival_two_stooges, layout_basic
D:2:      layout_basic, chequers_temple_overflow_statue_of_worship,
          chequers_ecumenical_altar_island, st_stairs_4, minmay_tetromino_s4,
          uniq_sigmund

Skill      XL: |  1  2  3  4 |
---------------+-------------+-----
Axes           | 3 4 |  4.4
Fighting       | 3 |  3.3
Dodging        | 1 |  1.0
Armour         | 2 |  2.0
Maces & Flails | |  0.2
Stealth        | |  1.9
Spellcasting   | |  1.0
Necromancy     | |  1.0
Ice Magic      | |  1.0

Action                   |  1- 3 |  4- 6 || total
-------------------------+-------+-------++-------
Melee: Hand axe          |   203 |     2 ||   205
       Mace              |       |    41 ||    41
  Use: Scroll            |     2 |       ||     2
  Eat: Chunk             |     1 |     2 ||     3
Armor: Scale mail        |   122 |    23 ||   145
Dodge: Dodged            |   122 |    18 ||   140

Table legend:
 A = Non-vault XP
 B = Vault XP
 C = Vault XP percentage of total XP
 D = Non-vault monster count
 E = Vault monster count
 F = Vault count percentage of total count
                 A         B        C        D         E       F
            +---------+---------+-------+---------+---------+-------
      Total |     143 |       3 |   2.1 |      50 |       2 |   3.8
            +---------+---------+-------+---------+---------+-------
        D:1 |      54 |       0 |   0.0 |      32 |       0 |   0.0
        D:2 |      89 |       3 |   3.3 |      18 |       2 |  10.0
            +---------+---------+-------+---------+---------+-------
